Workbook
Name Abrantes: territorio!$D$2005:$D$2017
Name Águeda: territorio!$D$1:$D$11
Name Aguiar_da_Beira: territorio!$D$1207:$D$1216
Name Alandroal: territorio!$D$1071:$D$1074
Name Albergaria_a_Velha: territorio!$D$12:$D$17
Name Albufeira: territorio!$D$1140:$D$1143
Name Alcácer_do_Sal: territorio!$D$2146:$D$2149
Name Alcanena: territorio!$D$2018:$D$2024
Name Alcobaça: territorio!$D$1449:$D$1461
Name Alcochete: territorio!$D$2150:$D$2152
Name Alcoutim: territorio!$D$1144:$D$1147
Name Alenquer: territorio!$D$1559:$D$1569
Name Alfândega_da_Fé: territorio!$D$570:$D$581
Name Alijó: territorio!$D$2409:$D$2422
Name Aljezur: territorio!$D$1148:$D$1151
Name Aljustrel: territorio!$D$148:$D$151
Name Almada: territorio!$D$2153:$D$2157
Name Almeida: territorio!$D$1217:$D$1232
Name Almeirim: territorio!$D$2025:$D$2028
Name Almodôvar: territorio!$D$152:$D$157
Name Alpiarça: territorio!$D$2029
Name Alter_do_Chão: territorio!$D$1693:$D$1696
Name Alvaiázere: territorio!$D$1462:$D$1466
Name Alvito: territorio!$D$158:$D$159
Name Amadora: territorio!$D$1683:$D$1688
Name Amarante: territorio!$D$1762:$D$1787
Name Anadia: territorio!$D$18:$D$27
Name Ansião: territorio!$D$1467:$D$1472
Name Arcos_de_Valdevez: territorio!$D$2201:$D$2236
Name Arganil: territorio!$D$916:$D$929
Name Armamar: territorio!$D$2606:$D$2619
Name Arouca: territorio!$D$28:$D$43
Name Arraiolos: territorio!$D$1075:$D$1079
Name Arronches: territorio!$D$1697:$D$1699
Name Arruda_dos_Vinhos: territorio!$D$1570:$D$1573
Name Atalaia: territorio!$D$2129:$D$2132
Name Aveiro: territorio!$C$1:$C$147
Name Aveiro_Concelho: territorio!$D$44:$D$53
Name Avis: territorio!$D$1700:$D$1705
Name Azambuja: territorio!$D$1574:$D$1580
Name Baião: territorio!$D$1788:$D$1801
Name Barcelos: territorio!$D$239:$D$299
Name Barrancos: territorio!$D$160
Name Barreiro: territorio!$D$2158:$D$2161
Name Batalha: territorio!$D$1473:$D$1476
Name Beja: territorio!$C$148:$C$222
Name Beja_Concelho: territorio!$D$161:$D$172
Name Belmonte: territorio!$D$796:$D$799
Name Benavente: territorio!$D$2030:$D$2033
Name Bombarral: territorio!$D$1477:$D$1480
Name Borba: territorio!$D$1080:$D$1083
Name Boticas: territorio!$D$2423:$D$2432
Name Braga: territorio!$C$223:$C$569
Name Braga_Concelho: territorio!$D$300:$D$336
Name Bragança: territorio!$C$570:$C$795
Name Bragança_Concelho: territorio!$D$582:$D$620
Name Cabeceiras_de_Basto: territorio!$D$337:$D$363
Name Cadaval: territorio!$D$1581:$D$1587
Name Caldas_da_Rainha: territorio!$D$1481:$D$1492
Name Calheta: territorio!$D$2883:$D$2890

Sheet Comparticipação
AH3: mod. FRCP-3.02
AH4: Parecer n.º:
AH6: Tipo pedido: | AL6: COMPARTICIPAÇÃO
B7: IDENTIFICAÇÃO
B9: N.º Candidatura: | I9: =Parecer!I10 -> 0 | Q9: Processo SGD: | U9: =Parecer!U10 -> 0 | AF9: Distribuição:
B11: Designação candidatura: | I11: ='Formulário Candidatura'!I11 -> 0
B13: Tipologia operação: | Q13: ='Formulário Candidatura'!I14 -> RC - Reabilitação e Conservação
B15: Data receção: | Q15: Existiu junção elementos: | AF15: =IF(X15=suporte!B8,"Data última junção:","")
B17: Fase:
B19: CARACTERIZAÇÃO
B21: ORGANISMO
B22: Designação organismo: | I22: ='Formulário Candidatura'!I32 -> 0
B24: DESPESA ELEGÍVEL:
B26: Despesa elegível FRCP - RC: | AJ26: =Parecer!AJ74 -> 0
B28: Despesa elegível FRCP - PRA: | AJ28: =Parecer!AJ76 -> 0
B30: Despesa elegível FRCP - Total: | AJ30: =AJ26+AJ28 -> 0 | AV30: =AJ30-Parecer!AJ78 -> 0
B32: TAXA FINANCIAMENTO GLOBAL: | AQ32: =Parecer!AQ80 -> 0
B33: A taxa de financiamento global, no caso de candidatura a um único tipo de operação do FRCP, corresponde à taxa aferida, no caso de candidaturas a mais de um tipos de operações do FRCP, corresponde à percentagem média dos financiamentos apurados arredondado para cima.
B35: FINANCIAMENTO APURADO:
B37: Financiamento não reembolsável FRCP - RC: | AM37: =ROUND(AJ26*AQ32,2) -> 0 | AV37: =AM37-Parecer!AM85 -> 0 | AX37: Financiamento em parecer RC: | AY37: =M26*'Parecer RC'!AA85 -> 0
B39: Financiamento não reembolsável FRCP - PRA: | AM39: =ROUND(AJ28*AQ32,2) -> 0 | AV39: =AM39-Parecer!AM87 -> 0 | AX39: Financiamento em parecer PRA: | AY39: =M28*'Parecer PRA'!Z239 -> 0
B41: Financiamento reembolsável FRCP - PRA1: | AM41: 0 | AV41: =AM41-Parecer!AM89 -> 0
B43: Financiamento FRCP - Total: | AM43: =AM37+AM39+AM41 -> 0 | AV43: =AM43-Parecer!AM91 -> 0
Y45: Taxa de IVA aplicável: | AJ45: =Parecer!AJ95 -> 0
B47: MONTANTE TOTAL A FINANCIAR (aplicando enquadramento de beneficiário no C/IVA): | AM47: =AM43 -> 0 | AV47: =AM47-Parecer!AM97 -> 0
B49: INSTRUÇÃO
B51: 1.ª SOLICITAÇÃO:
B53: Contrato empreitada: | Q53: Orçamento adjudicado: | AF53: Auto consignação obra:
B55: Cronograma financeiro: | Q55: Autorização ACT (PRA):
B57: GERAL:
B59: Certidão inexistência dívida AT: | Y59: Certidão inexistência dívida Seg. Social:
B61: Auto(s) medição validado(s): | Y61: Fatura(s) validada(s):
B63: Princípio onerosidade:
B65: ÚLTIMA:
B67: Confirmação conclusão: | Y67: Atualização do SIIE:
B69: Declaração Entidade Beneficiária (PRA): | Y69: Certificado(s) receção resíduos (PRA):
AH73: mod. FRCP-3.01
AH74: Parecer n.º: | AL74: =AL4 -> 0
AH76: Candidatura: | AL76: =Parecer!I10 -> 0
B77: APRECIAÇÃO
B79: COMPARTICIPAÇÃO FINANCEIRA:
B81: Financiamento atribuído: | S81: =AM47 -> 0
B83: Faturas anteriores: | N83: Comparticipação: | S83: =ROUND(G83*$AQ$32,2) -> 0 | Z83: Remanescente: | AE83: =S81-S83 -> 0 | AL83: Fase:
B85: Montante fatura: | N85: Comparticipação: | S85: =ROUND(G85*$AQ$32,2) -> 0 | Z85: Remanescente: | AE85: =AE83-S85 -> 0 | AL85: Fase:
B87: Montante fatura: | N87: Comparticipação: | S87: =ROUND(G87*$AQ$32,2) -> 0 | Z87: Remanescente: | AE87: =AE85-S87 -> 0 | AL87: Fase:
B89: Montante fatura: | N89: Comparticipação: | S89: =ROUND(G89*$AQ$32,2) -> 0 | Z89: Remanescente: | AE89: =AE87-S89 -> 0 | AL89: Fase:
B91: Montante fatura: | N91: Comparticipação: | S91: =ROUND(G91*$AQ$32,2) -> 0 | Z91: Remanescente: | AE91: =AE89-S91 -> 0 | AL91: Fase:
B93: COMPARTICIPAÇÃO FINANCEIRA PARA PAGAMENTO: | AM93: =SUM(S84:X91) -> 0
B94: Os montantes apresentados consideram IVA à taxa aplicada no enquadramento de beneficiário no Código do IVA
B96: PROPOSTA PARA COMISSÃO DIRETIVA
B98: ENQUADRAMENTO
B101: APRECIAÇÃO
B103: PROPOSTA
B106: O Técnico:
B109: 1 Reembolsável nos termos do Plano de reembolso previsto no contrato de financiamento

Sheet Parecer
AH3: mod. FRCP-3.02
AH4: Parecer n.º:
AH6: Tipo pedido: | AL6: ='Formulário Candidatura'!AL4 -> 0
B7: Este Parecer Técnico de Candidatura tem como anexo(s) o(s) referido(s) em IDENTIFICAÇÃO - Anexo(s).
B8: IDENTIFICAÇÃO
B10: N.º Candidatura: | Q10: Processo SGD: | AF10: Distribuição:
B12: Designação candidatura: | I12: ='Formulário Candidatura'!I11 -> 0
B14: Tipologia operação: | Q14: ='Formulário Candidatura'!I14 -> RC - Reabilitação e Conservação | AF14: Anexo(s): | AL14: =IF(Q14=suporte!B1,suporte!F5,IF(Q14=suporte!B2,suporte!F6,IF(Q14=suporte!B3,suporte!F7,""))) -> Anexo RC
B16: Data receção: | Q16: Existiu junção elementos: | AF16: =IF(X16=suporte!B8,"Data última junção:","")
B18: CARACTERIZAÇÃO
B20: ORGANISMO
B21: Designação organismo: | I21: ='Formulário Candidatura'!I32 -> 0
B23: NIF: | F23: ='Formulário Candidatura'!I34 -> 0 | Q23: Tipo: | T23: ='Formulário Candidatura'!V34 -> 0
B25: Ministério: | F25: ='Formulário Candidatura'!I46 -> 0
B27: IMÓVEL
B28: Designação: | H28: ='Formulário Candidatura'!I49 -> 0
B30: N.º registo SIIE: | H30: 0 | I30: ='Formulário Candidatura'!I51 -> 0 | Q30: Distrito: | T30: ='Formulário Candidatura'!W51 -> 0 | AF30: Concelho: | AJ30: ='Formulário Candidatura'!AK51 -> 0
B32: Freguesia: | F32: ='Formulário Candidatura'!I53 -> 0
B34: Morada: | E34: ='Formulário Candidatura'!I55 -> 0 | AO34: N.º | AQ34: ='Formulário Candidatura'!AP55 -> 0
B36: Código postal: | I36: ='Formulário Candidatura'!I57 -> 0 | Q36: ='Formulário Candidatura'!Q57 -> 0
B38: INTERVENÇÃO
B39: OPERAÇÃO RC | Q39: OPERAÇÃO PRA | AF39: TOTAIS
B40: Despesa apresentada: | J40: =ROUND('Formulário Candidatura'!J20*(1+AM46),2) -> 0 | Q40: Despesa apresentada: | Y40: =ROUND('Formulário Candidatura'!Y20*(1+AM46),2) -> 0 | AF40: Despesa apresentada: | AN40: =J40+Y40 -> 0
B42: Comparticipação solicitada: | J42: =ROUND('Formulário Candidatura'!J22*(1+AM46),2) -> 0 | Q42: Comparticipação solicitada: | Y42: =ROUND('Formulário Candidatura'!Y22*(1+AM46),2) -> 0 | AF42: Comparticipação solicitada: | AN42: =J42+Y42 -> 0
B44: % comparticipação solicitada: | J44: ='Formulário Candidatura'!J24 -> 0 | Q44: % comparticipação solicitada: | Y44: ='Formulário Candidatura'!Y24 -> 0 | AF44: % comparticipação solicitada: | AN44: =IFERROR(AN42/AN40,0) -> 0
B46: Previsão início trabalhos: | I46: ='Formulário Candidatura'!J26 | Q46: Previsão prazo execução: | X46: ='Formulário Candidatura'!X26 | AF46: Taxa legal IVA aplicável: | AM46: ='Formulário Candidatura'!AM26 -> 0
B48: Ano ou anos civis em que decorrerá a execução: | Q48: ='Anexo RC'!Q29 -> 0
B50: Os montantes apresentados consideram IVA à taxa referida.
B52: Descrição sumária intervenção RC:
B53: ='Parecer RC'!B28 -> 0
B55: Descrição sumária intervenção PRA:
B56: ='Parecer PRA'!B36 -> 0
AH60: mod. FRCP-3.02
AH61: Parecer n.º: | AL61: =AL4 -> 0
AH63: Candidatura: | AL63: =I10 -> 0
B64: APRECIAÇÃO TÉCNICA
B66: Observações:
B69: FUNDAMENTAÇÃO TÉCNICA
B71: Fundamentação expressa no:
B72: DESPESA ELEGÍVEL:
B74: Despesa elegível FRCP - RC: | AJ74: =ROUND('Parecer RC'!H155*(1+AM46),2) -> 0 | AV74: =AJ74-J40 -> 0
B76: Despesa elegível FRCP - PRA: | AJ76: =ROUND('Parecer PRA'!I298*(1+AM46),2) -> 0 | AV76: =AJ76-Y40 -> 0
B78: Despesa elegível FRCP - Total: | AJ78: =AJ74+AJ76 -> 0 | AV78: =AJ78-AN40 -> 0
B80: TAXA FINANCIAMENTO GLOBAL: | AQ80: =IFERROR(ROUNDUP(((AY85+AY87)/AJ78),2),0) -> 0
B81: A taxa de financiamento global, no caso de candidatura a um único tipo de operação do FRCP, corresponde à taxa aferida, no caso de candidaturas a mais de um tipos de operações do FRCP, corresponde à percentagem média dos financiamentos apurados arredondado para cima.
B83: FINANCIAMENTO APURADO:
B85: Financiamento não reembolsável FRCP - RC: | AM85: =ROUND(AJ74*AQ80,3) -> 0 | AV85: =AM85-J42 -> 0 | AX85: Financiamento em parecer RC: | AY85: =AJ74*'Parecer RC'!AA151 -> 0
B87: Financiamento não reembolsável FRCP - PRA: | AM87: =ROUND(AJ76*AQ80,2) -> 0 | AV87: =AM87-Y42 -> 0 | AX87: Financiamento em parecer PRA: | AY87: =AJ76*'Parecer PRA'!Z296 -> 0
B89: Financiamento reembolsável FRCP - PRA1: | AM89: =ROUND('Anexo PRA'!W38*(1+AM46),2) -> 0
B91: Financiamento FRCP - Total: | AM91: =AM85+AM87+AM89 -> 0 | AV91: =AM91-AN42 -> 0
Y93: Enquadramento beneficiário no C/IVA: | AX93: Financiamento s/iva | AY93: =(AM91/(1+AM46)) -> 0
Y95: Taxa de IVA aplicável: | AJ95: =IF(AJ93=suporte!C6,0,IF(AJ93=suporte!C7,AM46,0)) -> 0
B97: MONTANTE TOTAL A FINANCIAR (aplicando enquadramento de beneficiário no C/VA): | AM97: =ROUND(('Parecer RC'!AL155+'Parecer PRA'!AM298)*(1+AJ95),2) -> 0 | AV97: =AM91-AM97 -> 0
B99: PROPOSTA PARA COMISSÃO DIRETIVA
B101: ENQUADRAMENTO
B102: A apreciação da candidatura com o n.º 2024/005 - Requalificação dos Edifícios de Alojamentos e Social na Unidade Especial de Polícia em Sintra, submetida pela Polícia de Segurança Pública , no âmbito do Regulamento de Gestão do FRCP, aprovado na Portaria n.º 293/2009, de 24 de março, obteve deliberação de aprovação da Comissão Diretiva do FRCP de 04-12-2024. Devido a constrangimentos na execução dos trabalhos, como dificuldades no fornecimento de matérias-primas e condições climatéricas adversas, não foi possível concluir a obra no prazo previsto. Assim, a PSP aprovou uma prorrogação de 60 dias, o que estendeu a execução dos trabalhos para o ano de 2026. Devido à prorrogação do prazo, a PSP solicitou a reprogramação temporal da candidatura para os anos de 2025 e 2026, mantendo-se inalterados o montante da despesa, os objetivos e os demais parâmetros
AH106: mod. FRCP-3.02
AH107: Parecer n.º: | AL107: =AL4 -> 0
AH109: Candidatura: | AL109: =I10 -> 0
B110: PROPOSTA PARA COMISSÃO DIRETIVA (continuação)
B112: ADMISSÃO
B113: A reapreciação em análise, submetida nos termos do ponto 2.6 do Guia para Instrução e Gestão de Candidaturas (versão 1.1), apresenta todos os elementos exigidos pelo artigo 5.º do Regulamento de Gestão do FRCP. Esta conformidade encontra-se expressamente verificada na alínea 'Instrução' dos anexos RC e PRA, pelo que a candidatura reúne as condições de admissão previstas no artigo 6.º do referido regulamento.
B115: APRECIAÇÃO
B116: Em cumprimento do artigo 7.º do Regulamento de Gestão do FRCP, procedeu-se à avaliação da reapreciação da candidatura. Com base nos parâmetros aí definidos, a análise detalhada na alínea 'Avaliação' dos anexos RC e PRA atribuiu uma classificação de 80 pontos na componente RC e a prioridade 1 na PRA, resultando numa taxa de financiamento global de 86%.
B117: PROPOSTA
B118: Face ao exposto no presente parecer e respetivos anexos RC e PRA, verifica-se que a reapreciação da candidatura submetida pela Polícia de Segurança Pública em 12-06-2026 reúne os critérios de admissão definidos no artigo 6.º do Regulamento de Gestão do FRCP. Adicionalmente, a aplicação dos parâmetros de apreciação estabelecidos no artigo 7.º do mesmo regulamento determinou uma taxa de financiamento global de 86%. Deste modo, propõe-se à Comissão Diretiva do FRCP, ao abrigo da alínea d) do n.º 1 do artigo 2.º do referido regulamento, a aprovação da reapreciação da candidatura n.º 2024/005, com a atribuição de um financiamento a fundo perdido no montante de 503.099,96 € (quinhentos e três mil, noventa e nove euros e noventa e seis cêntimos), a executar durante os anos de 2025 e 2026.
B121: O Técnico:
B123: Os montantes apresentados incluem IVA.
B125: 1 Reembolsável nos termos do Plano de reembolso previsto no contrato de financiamento

Sheet Parecer RC
AH3: mod. FRCP-3.02
AH4: Parecer n.º: | AL4: =Parecer!AL4 -> 0
B5: Este anexo é parte integrante do Parecer Técnico da Candidatura com o n.º referência identificado em cima (Parecer n.º).
B6: IDENTIFICAÇÃO
B8: N.º Candidatura: | I8: =Parecer!I10 -> 0 | Q8: Distribuição: | AA8: =Parecer!AL10 -> 0
B10: Designação candidatura: | I10: ='Formulário Candidatura'!I11 -> 0
B12: Data receção: | I12: =Parecer!I16 -> 0 | Q12: Existiu junção elementos: | Y12: =Parecer!X16 -> 0 | AF12: =IF(Y12=suporte!B8,"Data junção:","") | AK12: =Parecer!AL16 -> 0
B14: INSTRUÇÃO
B16: Tipo de projeto: | I16: ='Anexo RC'!I8 -> 0 | X16: 0
B18: Memória descritiva: | I18: ='Anexo RC'!I10 -> 0 | Q18: Localização imóvel: | X18: ='Anexo RC'!X10 -> 0 | AF18: Levant. Fotográfico: | AM18: ='Anexo RC'!AM10 -> 0
B20: Orçamento: | I20: ='Anexo RC'!I12 -> 0 | Q20: Calendarização: | X20: ='Anexo RC'!X12 -> 0 | AF20: Atualização dados SIIE: | AM20: ='Anexo RC'!AM12 -> 0
B22: Enquadramento IVA: | I22: ='Anexo RC'!I14 -> 0 | Q22: Decl. Conformidade: | X22: ='Anexo RC'!X14 -> 0 | AF22: Orçamento detalhado: | AM22: ='Anexo RC'!AM14 -> 0
B24: CARACTERIZAÇÃO
B26: OPERAÇÃO RC
B27: Descrição sumária intervenção:
B28: ='Anexo RC'!B25 -> 0
B30: Data prevista início trabalhos: | J30: ='Anexo RC'!J27 -> 0 | Q30: Prazo previsto execução: | Y30: ='Anexo RC'!Y27 -> 0 | AC30: meses | AF30: Área abrangida intervenção: | AN30: ='Anexo RC'!AN27 -> 0 | AS30: m2
B32: Despesa apresentada: | J32: ='Anexo RC'!J31 -> 0 | Q32: Comparticipação solicitada: | Y32: ='Anexo RC'!Y31 -> 0 | AF32: % comparticipação | AN32: ='Anexo RC'!AN31 -> 0
B34: Observações:
B37: TIPOLOGIA: | P37: ='Anexo RC'!P40 -> 0
B38: ='Anexo RC'!B44 -> 0
AS39: Justificação
B41: SOLIDEZ: | P41: ='Anexo RC'!P50 -> 0
B42: ='Anexo RC'!B54 -> 0
AS43: Justificação
B45: Os valores da despesa e da comparticipação apresentados são sem IVA
AH48: mod. FRCP-3.02
AH49: Parecer n.º: | AL49: =AL4 -> 0
AH51: Candidatura: | AL51: =I8 -> 0
B52: CARACTERIZAÇÃO (continuação)
B54: SEGURANÇA: | P54: ='Anexo RC'!O57 -> 0
B55: ='Anexo RC'!B61 -> 0
AS56: Justificação
B58: SALUBRIDADE: | P58: ='Anexo RC'!O64 -> 0
B59: ='Anexo RC'!B68 -> 0
AS60: Justificação
B62: APRECIAÇÃO
B64: TIPOLOGIA:
B65: Tipologia das operações de intervenção constantes do projeto apresentado:
W66: Ponderação atribuída:
W67: Pontuação atribuída: | AD67: =IF(AC66=suporte!B28,suporte!A28,IF(AC66=suporte!B29,suporte!A29,IF(AC66=suporte!B30,suporte!A30,0))) -> 0
B68: Definição da pontuação atribuída:
B69: =IF(AC66=suporte!B28,suporte!C28,IF(AC66=suporte!B29,suporte!C29,IF(AC66=suporte!B30,suporte!C30,"")))
B70: Pontuação: urgente ou prioritária: 20%; conservação e reabilitação: 14% e urgente ou prioritária, conservação e reabilitação: 20%
B72: SOLIDEZ:
B73: Avaliar em função da gravidade das patologias identificadas que possam colocar em causa a segurança física dos elementos construtivos estruturais e arquitetónicos do imóvel:
W74: Ponderação atribuída:
W75: Pontuação atribuída: | AD75: =IF(AC74=suporte!B$32,suporte!A$32,IF(AC74=suporte!B$33,suporte!A$33,IF(AC74=suporte!B$34,suporte!A$34,0))) -> 0
B76: Definição da pontuação atribuída:
B77: =IF(AC74=suporte!B32,suporte!C32,IF(AC74=suporte!B33,suporte!C33,IF(AC74=suporte!B34,suporte!C34,"")))
B78: Pontuação: pouco relevante: 4%; relevante: 8% e muito relevante: 12%
B80: SEGURANÇA:
B81: A considerar ações que visem colmatar deficiências de segurança, designadamente, a nível de: riscos de incêndio, da ocupação e uso dos espaços, da utilização de equipamentos, de intrusões, de riscos geotécnicos:
W82: Ponderação atribuída:
W83: Pontuação atribuída: | AC83: =IF(AC82=suporte!B$32,suporte!A$32,IF(AC82=suporte!B$33,suporte!A$33,IF(AC82=suporte!B$34,suporte!A$34,0))) -> 0
B84: Definição da pontuação atribuída:
B85: =IF(AC82=suporte!B32,suporte!C36,IF(AC82=suporte!B33,suporte!C37,IF(AC82=suporte!B34,suporte!C38,"")))
B86: Pontuação: pouco relevante: 4%; relevante: 8% e muito relevante: 12%
AH90: mod. FRCP-3.02
AH91: Parecer n.º: | AL91: =AL4 -> 0
AH93: Candidatura: | AL93: =I8 -> 0
B94: APRECIAÇÃO (continuação)
B96: SALUBRIDADE:
B97: Avaliar em função das patologias identificadas que ponham em causa as exigências de "habitabilidade" das instalações, nomeadamente: i) a nível ambiental - equilíbrio térmico, condições acústicas, estanquicidade ao ar e a água, abastecimento de água, drenagem de águas e qualidade do ar interior. ii) A nível espacial - compatibilidade entre espaço/função, facilidade, flexibilidade de uso e acessos para pessoas de mobilidade condicionada.
W98: Ponderação atribuída:
W99: Pontuação atribuída: | AC99: =IF(AC98=suporte!B$32,suporte!A$32,IF(AC98=suporte!B$33,suporte!A$33,IF(AC98=suporte!B$34,suporte!A$34,0))) -> 0
B100: Definição da pontuação atribuída:
B102: =IF(AC98=suporte!B32,suporte!C40,IF(AC98=suporte!B33,suporte!C41,IF(AC98=suporte!B34,suporte!C42,"")))
B103: Pontuação: pouco relevante: 4%; relevante: 8% e muito relevante: 12%
B105: LOCALIZAÇÃO:
B106: Avaliar em função da importância da inserção do imóvel na malha urbana:
W107: Ponderação atribuída:
W108: Pontuação atribuída: | AC108: =IF(AC107=suporte!B$32,suporte!A$32,IF(AC107=suporte!B$33,suporte!A$33,IF(AC107=suporte!B$34,suporte!A$34,0))) -> 0
B109: Definição da pontuação atribuída:
B111: =IF(AC107=suporte!B32,suporte!C44,IF(AC107=suporte!B33,suporte!C45,IF(AC107=suporte!B34,suporte!C46,"")))
B112: Pontuação: pouco relevante: 4%; relevante: 8% e muito relevante: 12%
B114: PRAZO:
B115: Verificar o prazo de execução previsto, face ao volume e complexidade dos trabalhos apresentados:
W116: Ponderação atribuída:
W117: Pontuação atribuída: | AC117: =IF(AC116=suporte!B48,suporte!A48,IF(AC116=suporte!B49,suporte!A49,0)) -> 0
B118: Definição da pontuação atribuída:
B119: =IF(AC116=suporte!B48,suporte!C48,IF(AC116=suporte!B49,suporte!C49,""))
B120: Pontuação: dentro da média: 10%; não se enquadra na média: 6%
B122: CUSTO TOTAL:
B123: Verificar o custo total previsto para execução, face ao volume e complexidade dos trabalhos apresentados:
W124: Ponderação atribuída:
W125: Pontuação atribuída: | AC125: =IF(AC124=suporte!B48,suporte!A48,IF(AC124=suporte!B49,suporte!A49,0)) -> 0
B126: Definição da pontuação atribuída:
B127: =IF(AC124=suporte!B48,suporte!C50,IF(AC124=suporte!B49,suporte!C51,""))
B128: Pontuação: dentro da média: 10%; não se enquadra na média: 6%
AH132: mod. FRCP-3.02
AH133: Parecer n.º: | AL133: =AL4 -> 0
AH135: Candidatura: | AL135: =I8 -> 0
B136: APRECIAÇÃO (continuação)
B138: APRECIAÇÃO GLOBAL:
B139: Eficácia face aos objetivos - Verificar se as obras propostas são adequadas à resolução das deficiências identificadas. Durabilidade das soluções - A avaliar em função dos tipos e especificações dos materiais empregues e da adequação da aplicação dos mesmos nas soluções construtivas propostas. Sistema de manutenção previsto - Analisa o sistema de manutenção das instalações, verificando da sua adequação ao período de vida útil previsto após a realização das operações propostas.
W140: Ponderação atribuída:
W141: Pontuação atribuída: | AC141: =IF(AC140=suporte!B$32,suporte!A$32,IF(AC140=suporte!B$33,suporte!A$33,IF(AC140=suporte!B$34,suporte!A$34,0))) -> 0
B142: Definição da pontuação atribuída:
B143: =IF(AC140=suporte!B32,suporte!C53,IF(AC140=suporte!B33,suporte!C54,IF(AC140=suporte!B34,suporte!C55,"")))
...

Sheet Parecer PRA
AH3: mod. FRCP-3.02
AH4: Parecer n.º: | AL4: =Parecer!AL4 -> 0
B5: Este anexo é parte integrante do Parecer Técnico da Candidatura com o n.º referência identificado em cima (Parecer n.º:).
B6: IDENTIFICAÇÃO
B8: N.º Candidatura: | I8: =Parecer!I10 -> 0 | Q8: Distribuição: | AA8: =Parecer!AL10 -> 0
B10: Designação candidatura: | I10: ='Formulário Candidatura'!I11 -> 0
B12: Data receção: | I12: =Parecer!I16 -> 0 | Q12: Existiu junção elementos: | Y12: =Parecer!X16 -> 0 | AF12: =IF(Y12=suporte!B8,"Data junção:","") | AK12: =Parecer!AL16 -> 0
B14: INSTRUÇÃO
B16: Relatório Diagnóstico: | I16: ='Anexo PRA'!I6 -> 0 | Q16: Realizado por: | X16: ='Anexo PRA'!X6 -> 0
B18: Termo responsabilidade: | I18: ='Anexo PRA'!I8 -> 0 | Q18: Certificado Laboratório: | X18: ='Anexo PRA'!X8 -> 0 | AF18: Fotografias dos materiais: | AM18: ='Anexo PRA'!AM8 -> 0
B20: Localização amianto: | I20: ='Anexo PRA'!I10 -> 0 | Q20: Identificação materiais: | X20: ='Anexo PRA'!X10 -> 0 | AF20: Caract. materiais amianto: | AM20: ='Anexo PRA'!AM10 -> 0
B22: Tipo de projeto: | I22: ='Anexo PRA'!I15 -> 0 | X22: 0
B24: Memória descritiva: | I24: ='Anexo PRA'!I17 -> 0 | Q24: Peças desenhadas: | X24: ='Anexo PRA'!X17 -> 0 | AF24: Localização do imóvel: | AM24: ='Anexo PRA'!AM17 -> 0
B26: Levant. fotográfico: | I26: ='Anexo PRA'!I19 -> 0 | Q26: Orçamento: | X26: ='Anexo PRA'!X19 -> 0 | AF26: Calendarização: | AM26: ='Anexo PRA'!AM19 -> 0
B28: Atualização dados SIIE: | I28: ='Anexo PRA'!I21 -> 0 | Q28: Enquadramento C/IVA: | X28: ='Anexo PRA'!X21 -> 0 | AF28: Decl. conformidade: | AM28: ='Anexo PRA'!AM21 -> 0
B30: Termo responsabilidade: | I30: ='Anexo PRA'!I23 -> 0 | Q30: Orçamento detalhado: | X30: ='Anexo PRA'!X23 -> 0
B32: CARACTERIZAÇÃO
B34: OPERAÇÃO PRA
B35: Descrição sumária intervenção:
B36: ='Anexo PRA'!B34 -> 0
B38: Data prevista início trabalhos: | J38: ='Anexo PRA'!J36 -> 0 | Q38: Prazo previsto execução: | Y38: ='Anexo PRA'!Y36 -> 0 | AC38: meses | AF38: Área abrangida intervenção: | AN38: ='Anexo PRA'!AN36 -> 0 | AS38: m2
B40: DESPESA APRESENTADA:
B42: Custos c/ relatório diagnóstico: | Q42: ='Anexo PRA'!Q42 -> 0 | X42: Montante comparticipação solicitada c/relatório diagnóstico: | AN42: ='Anexo PRA'!AN42 -> 0
X44: % comparticipação solicitada c/ relatório diagnóstico: | AN44: ='Anexo PRA'!AN44 -> 0
B46: Custos c/ projetos: | Q46: ='Anexo PRA'!Q46 -> 0 | X46: Montante comparticipação solicitada c/ projetos: | AN46: ='Anexo PRA'!AN46 -> 0
X48: % comparticipação solicitada c/ projetos: | AN48: ='Anexo PRA'!AN48 -> 0
B50: Custos c/ trabalhos remoção: | Q50: ='Anexo PRA'!Q50 -> 0 | X50: Montante comparticipação solicitada c/ trab. remoção: | AN50: ='Anexo PRA'!AN50 -> 0
X52: % comparticipação solicitada c/ trab. remoção: | AN52: ='Anexo PRA'!AN52 -> 0
B54: Custos c/ trabalhos substituição: | Q54: ='Anexo PRA'!Q54 -> 0 | X54: Montante comparticipação solicitada c/ trab. substituição: | AN54: ='Anexo PRA'!AN54 -> 0
X56: % comparticipação solicitada c/ trab. substituição: | AN56: ='Anexo PRA'!AN56 -> 0
B58: Custos c/ trabalhos complementares: | Q58: ='Anexo PRA'!Q58 -> 0 | X58: Montante comparticipação solicitada c/ trab. complementar: | AN58: ='Anexo PRA'!AN58 -> 0
X60: % comparticipação solicitada c/ trab. complementares: | AN60: ='Anexo PRA'!AN60 -> 0
B62: Despesa total apresentada: | Q62: =Q42+Q46+Q50+Q54+Q58 -> 0 | X62: Comparticipação total solicitada: | AN62: =AN42+AN46+AN50+AN54+AN58 -> 0 | AV62: =Q62-'Anexo PRA'!Q62 -> 0 | AW62: =AN62-'Anexo PRA'!AN62 -> 0
X64: % comparticipação média solicitada: | AN64: =IFERROR(AN62/Q62,0) -> 0 | AW64: =AN64-'Anexo PRA'!AN64 -> 0
B67: Os valores da despesa e da comparticipação apresentados são sem IVA
AH70: mod. FRCP-3.02
AH71: Parecer n.º: | AL71: =AL4 -> 0
AH73: Candidatura: | AL73: =I8 -> 0
B74: CARACTERIZAÇÃO (continuação)
B76: INTERVENÇÃO 1. | AW76: % Quantidade total: | AX76: % Prioridade 1 | AY76: % Prioridade 2 | AZ76: % Prioridade 3
B78: Localização material c/ amianto: | K78: ='Anexo PRA'!K76 -> 0 | Y78: Tipo material: | AH78: ='Anexo PRA'!AH76 -> 0
B80: Material friável? | I80: ='Anexo PRA'!I78 -> 0 | Q80: Estado conservação mat.? | X80: ='Anexo PRA'!X78 -> 0 | AF80: Material revestido? | AM80: ='Anexo PRA'!AM78 -> 0
B82: Material acessível? | I82: ='Anexo PRA'!I80 -> 0 | Q82: Quantidade (m2)? | X82: ='Anexo PRA'!X80 -> 0 | AW82: =X82/AX$279 -> #DIV/0!
B84: CUSTOS (s/IVA): | AF84: Prioridade: | AM84: {=IFERROR(_xlfn.IFS(AND(I80="Não friável",X80="Bom"),3,AND(I80="Não friável",X80="Razoável"),3,AND(I80="Não friável",X80="Mau",I82="Acessível"),2,AND(I80="Não friável",X80="Mau",I82="Inacessível"),3,AND(I80="Friável",AM80="Revestido",X80="Bom",I82="Inacessível"),2,AND(I80="Friável",AM80="Revestido",X80="Bom",I82="Acessível"),1,AND(I80="Friável",AM80="Revestido",X80="Razoável"),1,AND(I80="Friável",AM80="Revestido",X80="Mau"),1,AND(I80="Friável",AM80="Não revestido"),1),"")} | AX84: =IF(AM84=1,AW82,0) -> 0 | AY84: =IF(AM84=2,AW82,0) -> 0 | AZ84: =IF(AM84=3,AW82,0) -> 0
B86: Trabalhos remoção: | I86: ='Anexo PRA'!I83 -> 0 | Q86: Taxa financiamento: | X86: =IF(AM84=1,100%,IF(AM84=2,80%,IF(AM84=3,70%,0%))) -> 0 | AF86: Montante financiamento: | AM86: =IFERROR(I86*X86,0) -> 0
B88: Trabalhos substituição: | I88: ='Anexo PRA'!X83 -> 0 | Q88: Taxa financiamento: | X88: =IF(AM84=1,95%,IF(AM84=2,75%,IF(AM84=3,65%,0%))) -> 0 | AF88: Montante financiamento: | AM88: =IFERROR(I88*X88,0) -> 0
B90: Trabalho complementar: | I90: ='Anexo PRA'!AM83 -> 0 | Q90: Taxa financiamento: | X90: =IF(AM84=1,95%,IF(AM84=2,75%,IF(AM84=3,65%,0%))) -> 0 | AF90: Montante financiamento: | AM90: =IFERROR(I90*X90,0) -> 0
B92: INTERVENÇÃO 2.
B94: Localização material c/ amianto: | K94: ='Anexo PRA'!K87 -> 0 | Y94: Tipo material: | AH94: ='Anexo PRA'!AH87 -> 0
B96: Material friável? | I96: ='Anexo PRA'!I89 -> 0 | Q96: Estado conservação mat.? | X96: ='Anexo PRA'!X89 -> 0 | AF96: Material revestido? | AM96: ='Anexo PRA'!AM89 -> 0
B98: Material acessível? | I98: ='Anexo PRA'!I91 -> 0 | Q98: Quantidade (m2)? | X98: ='Anexo PRA'!X91 -> 0 | AW98: =X98/AX$279 -> #DIV/0!
B100: CUSTOS (s/IVA): | AF100: Prioridade: | AM100: {=IFERROR(_xlfn.IFS(AND(I96="Não friável",X96="Bom"),3,AND(I96="Não friável",X96="Razoável"),3,AND(I96="Não friável",X96="Mau",I98="Acessível"),2,AND(I96="Não friável",X96="Mau",I98="Inacessível"),3,AND(I96="Friável",AM96="Revestido",X96="Bom",I98="Inacessível"),2,AND(I96="Friável",AM96="Revestido",X96="Bom",I98="Acessível"),1,AND(I96="Friável",AM96="Revestido",X96="Razoável"),1,AND(I96="Friável",AM96="Revestido",X96="Mau"),1,AND(I96="Friável",AM96="Não revestido"),1),"")} | AX100: =IF(AM100=1,AW98,0) -> 0 | AY100: =IF(AM100=2,AW98,0) -> 0 | AZ100: =IF(AM100=3,AW98,0) -> 0
B102: Trabalhos remoção: | I102: ='Anexo PRA'!I94 -> 0 | Q102: Taxa financiamento: | X102: =IF(AM100=1,100%,IF(AM100=2,80%,IF(AM100=3,70%,0%))) -> 0 | AF102: Montante financiamento: | AM102: =IFERROR(I102*X102,0) -> 0
B104: Trabalhos substituição: | I104: ='Anexo PRA'!X94 -> 0 | Q104: Taxa financiamento: | X104: =IF(AM100=1,95%,IF(AM100=2,75%,IF(AM100=3,65%,0%))) -> 0 | AF104: Montante financiamento: | AM104: =IFERROR(I104*X104,0) -> 0
B106: Trabalho complementar: | I106: ='Anexo PRA'!AM94 -> 0 | Q106: Taxa financiamento: | X106: =IF(AM100=1,95%,IF(AM100=2,75%,IF(AM100=3,65%,0%))) -> 0 | AF106: Montante financiamento: | AM106: =IFERROR(I106*X106,0) -> 0
B108: INTERVENÇÃO 3.
B110: Localização material c/ amianto: | K110: ='Anexo PRA'!K98 -> 0 | Y110: Tipo material: | AH110: ='Anexo PRA'!AH98 -> 0
B112: Material friável? | I112: ='Anexo PRA'!I100 -> 0 | Q112: Estado conservação mat.? | X112: ='Anexo PRA'!X100 -> 0 | AF112: Material revestido? | AM112: ='Anexo PRA'!AM100 -> 0
B114: Material acessível? | I114: ='Anexo PRA'!I102 -> 0 | Q114: Quantidade (m2)? | X114: ='Anexo PRA'!X102 -> 0 | AW114: =X114/AX$279 -> #DIV/0!
B116: CUSTOS (s/IVA): | AF116: Prioridade: | AM116: {=IFERROR(_xlfn.IFS(AND(I112="Não friável",X112="Bom"),3,AND(I112="Não friável",X112="Razoável"),3,AND(I112="Não friável",X112="Mau",I114="Acessível"),2,AND(I112="Não friável",X112="Mau",I114="Inacessível"),3,AND(I112="Friável",AM112="Revestido",X112="Bom",I114="Inacessível"),2,AND(I112="Friável",AM112="Revestido",X112="Bom",I114="Acessível"),1,AND(I112="Friável",AM112="Revestido",X112="Razoável"),1,AND(I112="Friável",AM112="Revestido",X112="Mau"),1,AND(I112="Friável",AM112="Não revestido"),1),"")} | AX116: =IF(AM116=1,AW114,0) -> 0 | AY116: =IF(AM116=2,AW114,0) -> 0 | AZ116: =IF(AM116=3,AW114,0) -> 0
B118: Trabalhos remoção: | I118: ='Anexo PRA'!I105 -> 0 | Q118: Taxa financiamento: | X118: =IF(AM116=1,100%,IF(AM116=2,80%,IF(AM116=3,70%,0%))) -> 0 | AF118: Montante financiamento: | AM118: =IFERROR(I118*X118,0) -> 0
B120: Trabalhos substituição: | I120: ='Anexo PRA'!X105 -> 0 | Q120: Taxa financiamento: | X120: =IF(AM116=1,95%,IF(AM116=2,75%,IF(AM116=3,65%,0%))) -> 0 | AF120: Montante financiamento: | AM120: =IFERROR(I120*X120,0) -> 0
B122: Trabalho complementar: | I122: ='Anexo PRA'!AM105 -> 0 | Q122: Taxa financiamento: | X122: =IF(AM116=1,95%,IF(AM116=2,75%,IF(AM116=3,65%,0%))) -> 0 | AF122: Montante financiamento: | AM122: =IFERROR(I122*X122,0) -> 0
B124: INTERVENÇÃO 4.
B126: Localização material c/ amianto: | K126: ='Anexo PRA'!K109 -> 0 | Y126: Tipo material: | AH126: ='Anexo PRA'!AH109 -> 0
B128: Material friável? | I128: ='Anexo PRA'!I111 -> 0 | Q128: Estado conservação mat.? | X128: ='Anexo PRA'!X111 -> 0 | AF128: Material revestido? | AM128: ='Anexo PRA'!AM111 -> 0
B130: Material acessível? | I130: ='Anexo PRA'!I113 -> 0 | Q130: Quantidade (m2)? | X130: ='Anexo PRA'!X113 -> 0 | AW130: =X130/AX$279 -> #DIV/0!
B132: CUSTOS (s/IVA): | AF132: Prioridade: | AM132: {=IFERROR(_xlfn.IFS(AND(I128="Não friável",X128="Bom"),3,AND(I128="Não friável",X128="Razoável"),3,AND(I128="Não friável",X128="Mau",I130="Acessível"),2,AND(I128="Não friável",X128="Mau",I130="Inacessível"),3,AND(I128="Friável",AM128="Revestido",X128="Bom",I130="Inacessível"),2,AND(I128="Friável",AM128="Revestido",X128="Bom",I130="Acessível"),1,AND(I128="Friável",AM128="Revestido",X128="Razoável"),1,AND(I128="Friável",AM128="Revestido",X128="Mau"),1,AND(I128="Friável",AM128="Não revestido"),1),"")} | AX132: =IF(AM132=1,AW130,0) -> 0 | AY132: =IF(AM132=2,AW130,0) -> 0 | AZ132: =IF(AM132=3,AW130,0) -> 0
B134: Trabalhos remoção: | I134: ='Anexo PRA'!I116 -> 0 | Q134: Taxa financiamento: | X134: =IF(AM132=1,100%,IF(AM132=2,80%,IF(AM132=3,70%,0%))) -> 0 | AF134: Montante financiamento: | AM134: =IFERROR(I134*X134,0) -> 0
B136: Trabalhos substituição: | I136: ='Anexo PRA'!X116 -> 0 | Q136: Taxa financiamento: | X136: =IF(AM132=1,95%,IF(AM132=2,75%,IF(AM132=3,65%,0%))) -> 0 | AF136: Montante financiamento: | AM136: =IFERROR(I136*X136,0) -> 0
B138: Trabalho complementar: | I138: ='Anexo PRA'!AM116 -> 0 | Q138: Taxa financiamento: | X138: =IF(AM132=1,95%,IF(AM132=2,75%,IF(AM132=3,65%,0%))) -> 0 | AF138: Montante financiamento: | AM138: =IFERROR(I138*X138,0) -> 0
B140: Os valores da despesa e da comparticipação apresentados são sem IVA
B142: CARACTERIZAÇÃO (continuação)
B143: INTERVENÇÃO 5.
B145: Localização material c/ amianto: | K145: ='Anexo PRA'!K120 -> 0 | Y145: Tipo material: | AH145: ='Anexo PRA'!AH120 -> 0
B147: Material friável? | I147: ='Anexo PRA'!I122 -> 0 | Q147: Estado conservação mat.? | X147: ='Anexo PRA'!X122 -> 0 | AF147: Material revestido? | AM147: ='Anexo PRA'!AM122 -> 0
B149: Material acessível? | I149: ='Anexo PRA'!I124 -> 0 | Q149: Quantidade (m2)? | X149: ='Anexo PRA'!X124 -> 0 | AW149: =X149/AX$279 -> #DIV/0!
B151: CUSTOS (s/IVA): | AF151: Prioridade: | AM151: {=IFERROR(_xlfn.IFS(AND(I147="Não friável",X147="Bom"),3,AND(I147="Não friável",X147="Razoável"),3,AND(I147="Não friável",X147="Mau",I149="Acessível"),2,AND(I147="Não friável",X147="Mau",I149="Inacessível"),3,AND(I147="Friável",AM147="Revestido",X147="Bom",I149="Inacessível"),2,AND(I147="Friável",AM147="Revestido",X147="Bom",I149="Acessível"),1,AND(I147="Friável",AM147="Revestido",X147="Razoável"),1,AND(I147="Friável",AM147="Revestido",X147="Mau"),1,AND(I147="Friável",AM147="Não revestido"),1),"")} | AX151: =IF(AM151=1,AW149,0) -> 0 | AY151: =IF(AM151=2,AW149,0) -> 0 | AZ151: =IF(AM151=3,AW149,0) -> 0
B153: Trabalhos remoção: | I153: ='Anexo PRA'!I127 -> 0 | Q153: Taxa financiamento: | X153: =IF(AM151=1,100%,IF(AM151=2,80%,IF(AM151=3,70%,0%))) -> 0 | AF153: Montante financiamento: | AM153: =IFERROR(I153*X153,0) -> 0
B155: Trabalhos substituição: | I155: ='Anexo PRA'!X127 -> 0 | Q155: Taxa financiamento: | X155: =IF(AM151=1,95%,IF(AM151=2,75%,IF(AM151=3,65%,0%))) -> 0 | AF155: Montante financiamento: | AM155: =IFERROR(I155*X155,0) -> 0
B157: Trabalho complementar: | I157: ='Anexo PRA'!AM127 -> 0 | Q157: Taxa financiamento: | X157: =IF(AM151=1,95%,IF(AM151=2,75%,IF(AM151=3,65%,0%))) -> 0 | AF157: Montante financiamento: | AM157: =IFERROR(I157*X157,0) -> 0
B159: INTERVENÇÃO 6.
B161: Localização material c/ amianto: | K161: ='Anexo PRA'!K136 -> 0 | Y161: Tipo material: | AH161: ='Anexo PRA'!AH136 -> 0
B163: Material friável? | I163: ='Anexo PRA'!I138 -> 0 | Q163: Estado conservação mat.? | X163: ='Anexo PRA'!X138 -> 0 | AF163: Material revestido? | AM163: ='Anexo PRA'!AM138 -> 0
B165: Material acessível? | I165: ='Anexo PRA'!I140 -> 0 | Q165: Quantidade (m2)? | X165: ='Anexo PRA'!X140 -> 0 | AW165: =X165/AX$279 -> #DIV/0!
B167: CUSTOS (s/IVA): | AF167: Prioridade: | AM167: {=IFERROR(_xlfn.IFS(AND(I163="Não friável",X163="Bom"),3,AND(I163="Não friável",X163="Razoável"),3,AND(I163="Não friável",X163="Mau",I165="Acessível"),2,AND(I163="Não friável",X163="Mau",I165="Inacessível"),3,AND(I163="Friável",AM163="Revestido",X163="Bom",I165="Inacessível"),2,AND(I163="Friável",AM163="Revestido",X163="Bom",I165="Acessível"),1,AND(I163="Friável",AM163="Revestido",X163="Razoável"),1,AND(I163="Friável",AM163="Revestido",X163="Mau"),1,AND(I163="Friável",AM163="Não revestido"),1),"")} | AX167: =IF(AM167=1,AW165,0) -> 0 | AY167: =IF(AM167=2,AW165,0) -> 0 | AZ167: =IF(AM167=3,AW165,0) -> 0
B169: Trabalhos remoção: | I169: ='Anexo PRA'!I143 -> 0 | Q169: Taxa financiamento: | X169: =IF(AM167=1,100%,IF(AM167=2,80%,IF(AM167=3,70%,0%))) -> 0 | AF169: Montante financiamento: | AM169: =IFERROR(I169*X169,0) -> 0
B171: Trabalhos substituição: | I171: ='Anexo PRA'!X143 -> 0 | Q171: Taxa financiamento: | X171: =IF(AM167=1,95%,IF(AM167=2,75%,IF(AM167=3,65%,0%))) -> 0 | AF171: Montante financiamento: | AM171: =IFERROR(I171*X171,0) -> 0
B173: Trabalho complementar: | I173: ='Anexo PRA'!AM143 -> 0 | Q173: Taxa financiamento: | X173: =IF(AM167=1,95%,IF(AM167=2,75%,IF(AM167=3,65%,0%))) -> 0 | AF173: Montante financiamento: | AM173: =IFERROR(I173*X173,0) -> 0
B175: INTERVENÇÃO 7.
B177: Localização material c/ amianto: | K177: ='Anexo PRA'!K147 -> 0 | Y177: Tipo material: | AH177: ='Anexo PRA'!AH147 -> 0
B179: Material friável? | I179: ='Anexo PRA'!I149 -> 0 | Q179: Estado conservação mat.? | X179: ='Anexo PRA'!X149 -> 0 | AF179: Material revestido? | AM179: ='Anexo PRA'!AM149 -> 0
B181: Material acessível? | I181: ='Anexo PRA'!I151 -> 0 | Q181: Quantidade (m2)? | X181: ='Anexo PRA'!X151 -> 0 | AW181: =X181/AX$279 -> #DIV/0!
B183: CUSTOS (s/IVA): | AF183: Prioridade: | AM183: {=IFERROR(_xlfn.IFS(AND(I179="Não friável",X179="Bom"),3,AND(I179="Não friável",X179="Razoável"),3,AND(I179="Não friável",X179="Mau",I181="Acessível"),2,AND(I179="Não friável",X179="Mau",I181="Inacessível"),3,AND(I179="Friável",AM179="Revestido",X179="Bom",I181="Inacessível"),2,AND(I179="Friável",AM179="Revestido",X179="Bom",I181="Acessível"),1,AND(I179="Friável",AM179="Revestido",X179="Razoável"),1,AND(I179="Friável",AM179="Revestido",X179="Mau"),1,AND(I179="Friável",AM179="Não revestido"),1),"")} | AX183: =IF(AM183=1,AW181,0) -> 0 | AY183: =IF(AM183=2,AW181,0) -> 0 | AZ183: =IF(AM183=3,AW181,0) -> 0
B185: Trabalhos remoção: | I185: ='Anexo PRA'!I154 -> 0 | Q185: Taxa financiamento: | X185: =IF(AM183=1,100%,IF(AM183=2,80%,IF(AM183=3,70%,0%))) -> 0 | AF185: Montante financiamento: | AM185: =IFERROR(I185*X185,0) -> 0
B187: Trabalhos substituição: | I187: ='Anexo PRA'!X154 -> 0 | Q187: Taxa financiamento: | X187: =IF(AM183=1,95%,IF(AM183=2,75%,IF(AM183=3,65%,0%))) -> 0 | AF187: Montante financiamento: | AM187: =IFERROR(I187*X187,0) -> 0
B189: Trabalho complementar: | I189: ='Anexo PRA'!AM154 -> 0 | Q189: Taxa financiamento: | X189: =IF(AM183=1,95%,IF(AM183=2,75%,IF(AM183=3,65%,0%))) -> 0 | AF189: Montante financiamento: | AM189: =IFERROR(I189*X189,0) -> 0
B191: INTERVENÇÃO 8.
B193: Localização material c/ amianto: | K193: ='Anexo PRA'!K158 -> 0 | Y193: Tipo material: | AH193: ='Anexo PRA'!AH158 -> 0
B195: Material friável? | I195: ='Anexo PRA'!I160 -> 0 | Q195: Estado conservação mat.? | X195: ='Anexo PRA'!X160 -> 0 | AF195: Material revestido? | AM195: ='Anexo PRA'!AM160 -> 0
...

Sheet Formulário Candidatura
AH3: mod. FRCP-3.02
AH4: Tipo pedido:
B5: Descrição geral da candidatura apresentada ao Fundo de Reabilitação e Conservação Patrimonial. A candidatura poderá respeitar a tipologia de operação de Reabilitação e Conservação (RC) ou outras operações específicas. O presente formulário, bem como os seus anexos, devem ser integralmente preenchido (campos sombreados a cinza), não dispensando a junção de todos os documentos de instrução necessários à candidatura.
B6: Após preenchida a totalidade da informação, deverá ser gravada uma versão Excel e outra em PDF. A serem remetidos com a candidatura e os restantes documentos de instrução em formato editável (xls ou xlsx) e em PDF.
B8: IDENTIFICAÇÃO
B11: Designação candidatura:
B12: Tipo de operação (reabilitação, conservação, …) | zona(s) de intervenção (cobertura, fachadas, …) | edifício(s) | localização | concelhos - máximo 90 caracteres
B14: Tipologia operação: | I14: RC - Reabilitação e Conservação | Y14: =IF(I14=suporte!B1,suporte!C1,IF(I14=suporte!B2,suporte!C2,IF(I14=suporte!B3,suporte!C3,""))) -> Preencher anexo RC
B16: SUMÁRIO DA CANDIDATURA APRESENTADA (AUTOPREENCHIMENTO)
B17: Resume dos valores preenchidos nos anexos RC, PRA ou em ambos.
B19: OPERAÇÃO RC | AF19: TOTAIS
B20: Despesa apresentada: | J20: =ROUND('Anexo RC'!J31*(1+AM26),2) -> 0 | AF20: Despesa apresentada: | AN20: =J20 -> 0
B22: Comparticipação solicitada: | J22: =ROUND('Anexo RC'!Y31*(1+AM26),2) -> 0 | AF22: Comparticipação solicitada: | AN22: =J22 -> 0
B24: % comparticipação solicitada: | J24: ='Anexo RC'!AN31 -> 0 | AF24: % comparticipação solicitada: | AN24: =IFERROR(AN22/AN20,0) -> 0
B26: Previsão para início trabalhos: | J26: =IF(AND(AV26=1,AV27=1),AW29,IF(AV26=1,AW26,IF(AV27=1,AW27,""))) | Q26: Prazo de execução: | X26: =IF(AND(AX26=1,AX27=1),AY29,IF(AX26=1,AY26,IF(AX27=1,AY27,""))) | AF26: Taxa IVA aplicável:
B27: Os montantes apresentados são sem IVA.
B29: CARACTERIZAÇÃO
B31: ORGANISMO
B32: Designação organismo:
B34: NIF: | Q34: Tipo organismo:
B36: Morada:
B38: Código postal:
B40: Endereço eletrónico geral:
B42: Nome gestor de contacto:
B44: Telefone: | X44: Endereço eletrónico:
B46: Ministério afeto:
B48: IMÓVEL
B49: Designação imóvel:
B51: N.º inventário SIIE: | Q51: Distrito: | AF51: Concelho:
B53: Freguesia:
B55: Morada: | AO55: N.º
B57: Código postal:
B59: INSCRIÇÃO MATRICIAL
B61: Freguesia: | Y61: Tipo:
B63: Artigo: | Y63: Secção/fração:
B65: REGISTO PREDIAL
B67: Conservatória: | Y67: Freguesia:
B69: N.º inscrição:

Sheet Anexo RC
AH3: mod. FRCP-3.02
B4: Descrição geral da candidatura apresentada ao Fundo de Reabilitação e Conservação Patrimonial relativa a tipologia de operações de Reabilitação e Conservação (RC). Preencher só com a informação referente a operações RC. O presente anexo deve ser integralmente preenchido (campos sombreados a cinza), não dispensando a junção de todos os documentos de instrução necessários à candidatura.
B6: INSTRUÇÃO
B8: Tipo de projeto: | Q8: =IF(I8=suporte!A22,suporte!B22,"")
B10: Memória descritiva1: | Q10: Localização imóvel: | AF10: Levant. Fotográfico2:
B12: Orçamento: | Q12: Calendarização: | AF12: Atualização dados SIIE:
B14: Enquadramento IVA: | Q14: Decl. Conformidade3: | AF14: Orçamento detalhado4:
B16: 1 A Memória descritiva e justificativa, conforme estabelecido no Guia para Instrução e Gestão das Candidaturas, composta pelos seguintes elementos: i) identificação e descrição do imóvel; ii) área objeto das operações; iii) âmbito e conteúdo das operações e iv) justificação da necessidade de intervenção.
B17: 2 Fotografias gerais do edifício (exteriores e interiores) e das zonas a intervencionar.
B18: 3 Minuta - Anexo_B_DeclaracaoConformidadeBeneficiario (mod. 2026), no sítio da internet da ESTAMO: www.estamo.pt
B19: 4 O Projeto de execução, quando apresentado, deve conter mapa de medições e orçamento detalhado.
B21: INTERVENÇÃO
B23: OPERAÇÃO RC
B24: Descrição sumária intervenção (máximo 500 caracteres)
B27: Data prevista inicio execução: | Q27: Prazo previsto execução: | AC27: meses | AF27: Área abrangida intervenção5: | AS27: m2
B29: Ano ou anos civis em que decorrerá a execução:
B31: Despesa apresentada RC6: | Q31: Comparticipação solicitada6: | Y31: =ROUND(J31*AN31,2) -> 0 | AF31: % comparticipação:
B33: 6 Os montantes da despesa e da comparticipação solicitada são sem IVA
B34: 5 Indicar a área bruta de construção da zona do edifício a reabilitar ou conservar, se for o edifício todo apresentar a área total. No caso de existirem zonas novas, indicar também essas áreas.
B36: PARÂMETROS DE APRECIAÇÃO
B38: O Regulamento do FRCP, publicado pela Portaria n.º 293/2009, de 24 de março, define os critérios de apreciação das candidaturas, por isso importa enquadrar as características e os âmbitos que as intervenções propostas visam atingir. Descrevendo sumariamente as patologias existentes e apresentado de forma sucinta as soluções propostas, bem como, as melhorias a introduzir.
B40: TIPOLOGIA:
B42: Definir se a candidatura apresentada tem como objetivo obras com carácter de urgentes ou prioritárias, fase ao grau de degradação elevado do imóvel, ou se refere as intervenções a realizar no âmbito da conservação e a reabilitação normal do edificado, também se poderá aplicar ambas a situações. A majoração a aplicar é de 5,0% para intervenções de conservação e reabilitação, de 7,5% para obras urgentes ou prioritárias e de 7,5% se as intervenções abrangerem ambos os critérios.
B43: Justificação (máximo 400 caracteres):
B45: Justificação sumária de qualificar a candidatura apresentada como obras urgentes ou prioritárias, intervenções de conservação e reabilitação, ou ambas:
B48: PARÂMETROS DE APRECIAÇÃO (continuação)
B50: SOLIDEZ
B52: Definir se a intervenção proposta visa colmatar patologias que possam colocar em causa a segurança física dos elementos construtivos estruturais e arquitetónicos do imóvel. A majoração a aplicar é de 5,0% em intervenções com pouca relevância, de 10,0% em intervenções relevantes e de 15,0% em intervenções muito relevantes.
B53: Justificação (máximo 400 caracteres):
... B69: Se existirem patologias de salubridade, identificar sumariamente as patologias associadas e qual a intervenção(ões) proposta realizar para solucionar o problema, considerando que essa fundamentação irá contribuir para a majoração a aplicar no calculo do financiamento a apurar.

Sheet Anexo PRA
AH2: mod. FRCP-3.02
B3: Descrição geral da candidatura apresentada ao Fundo de Reabilitação e Conservação Patrimonial relativa a tipologia de operações de Programa de Remoção de Amianto (PRA). Preencher só com a informação referente a operações PRA, no caso da candidatura prever também intervenção no âmbito de Reabilitação Conservação (RC) essa informação deve ser preenchida no Anexo RC. O presente anexo deve ser integralmente preenchido (campos sombreados a cinza), não dispensando a junção de todos os documentos de instrução necessários à candidatura.
B4: INSTRUÇÃO
B6: Relatório Diagnóstico1: | Q6: Realizado por:
B8: Termo responsabilidade: | Q8: Certificado Laboratório: | AF8: Fotografias dos materiais2:
B10: Localização amianto: | Q10: Identificação materiais: | AF10: Caract. materiais amianto:
B12: 1 No caso de não ser apresentado Relatório Diagnóstico, evocando a Metodologia para Tomada de Decisão do Instituto Nacional de Saúde Doutor Ricardo Jorge, para o fibrocimento, será aplicada a classificação referida nesse documento, como fibrocimento ser um material não fiável.
B13: 2 Fotografias dos materiais que contêm amianto, possibilitando verificar o estado de conservação, desses materiais, e a sua localização.
B15: Tipo de projeto: | Q15: =IF(I15=suporte!A22,suporte!B22,"")
B17: Memória descritiva3: | Q17: Peças desenhadas: | AF17: Localização do imóvel:
B19: Levant. fotográfico4: | Q19: Orçamento: | AF19: Calendarização:
B21: Atualização dados SIIE: | Q21: Enquadramento C/IVA: | AF21: Decl. Conformidade5:
B23: Termo responsabilidade: | Q23: Orçamento detalhado6
B25: 3 A Memória descritiva e justificativa, conforme estabelecido no Guia para Instrução e Gestão das Candidaturas, é composta pelos seguintes elementos: i) identificação e descrição do imóvel; ii) área objeto das operações; iii) âmbito e conteúdo das operações e iv) justificação da necessidade de intervenção.
B26: 4 Fotografias gerais do edifício (exteriores e interiores) e das zonas a intervencionar.
B27: 5 Minuta - Anexo_B_DeclaracaoConformidadeBeneficiario (mod. 2024), no sítio da internet da ESTAMO: www.estamo.pt
B28: 6 O Projeto de execução, quando apresentado, deve conter mapa de medições e orçamento detalhado.
B30: INTERVENÇÃO
B32: OPERAÇÃO PRA
B33: Descrição sumária intervenção (máximo 500 caracteres)
B36: Data prevista início trabalhos: | Q36: Prazo previsto execução: | AC36: meses | AF36: Área abrangida intervenção: | AN36: =X80+X91+X102+X113+X124+X140+X151+X162+X173+X184+X195 -> 0 | AS36: m2
B38: Comparticipação reembolsável solicitada PRA:
B39: A comparticipação reembolsável obriga a apresentação de Plano de Reembolso.
B40: COMPARTICIPAÇÃO NÃO REEMBOLSÁVEL SOLICITADA DESAGREGADA:
B42: Custos c/ relatório diagnóstico: | X42: Montante comparticipação solicitada c/relatório diagnóstico3: | AN42: =Q42*AN44 -> 0
B43: O relatório diagnóstico poderá ser sempre objeto de financiamento não reembolsável, mesmo que se comprove a não existência de materiais com amianto.
X44: % comparticipação solicitada c/ relatório diagnóstico:
B46: Custos c/ projetos: | X46: Montante comparticipação solicitada c/ projetos: | AN46: =Q46*AN48 -> 0
X48: % comparticipação solicitada c/ projetos:
B50: Custos c/ trabalhos remoção: | Q50: =I83+I94+I105+I116+I127+I143+I154+I165+I176+I187+I198+I212 -> 0 | X50: Montante comparticipação solicitada c/ trab. remoção: | AN50: =Q50*AN52 -> 0
X52: % comparticipação solicitada c/ trab. remoção:
B54: Custos c/ trabalhos substituição: | Q54: =X83+X94+X105+X116+X127+X143+X154+X165+X176+X187+X198+X212 -> 0 | X54: Montante comparticipação solicitada c/ trab. substituição: | AN54: =Q54*AN56 -> 0
X56: % comparticipação solicitada c/ trab. substituição:
B58: Custos c/ trabalhos complementares: | Q58: =AM83+AM94+AM105+AM116+AM127+AM143+AM154+AM165+AM176+AM187+AM198+AM212 -> 0 | X58: Montante comparticipação solicitada c/ trab. complementar3: | AN58: =Q58*AN60 -> 0
X60: % comparticipação solicitada c/ trab. complementares:
B62: Despesa total apresentada: | Q62: =Q42+Q46+Q50+Q54+Q58 -> 0 | X62: Comparticipação total solicitada: | AN62: =AN42+AN46+AN50+AN54+AN58 -> 0
X64: % comparticipação média solicitada: | AN64: =IFERROR(AN62/Q62,0) -> 0
B66: Os montantes da despesa e da comparticipação solicitada são sem IVA
B70: PARÂMETROS DE APRECIAÇÃO
B72: Descrição das intervenções a realizar no âmbito dos trabalhos de remoção do amianto, referindo a localização do material no edifício e caraterizando o tipo de material que contem amianto [MCA] quanto à friabilidade, estado de conservação, revestimento, acessibilidade, quantidade, assim como descriminar os custos referentes ao estudo/projeto execução, remoção, substituição e trabalhos complementares. A candidatura ao financiamento no âmbito PRA terá que prever ações relativas aos materiais contendo amianto existentes no edifício, podendo apresentar mais que uma intervenção. O número destas intervenções está dependente da existência de materiais com diferentes localizações, níveis de proteção, naturezas e/ou atributos de conservação. Para cada intervenção, com características diferentes terá que ser preenchido uma Identificação de Intervenção.
B74: IDENTIFICAÇÃO INTERVENÇÃO 1.
B76: Localização material c/ amianto: | Y76: Tipo material:
B78: Material friável? | Q78: Estado conservação mat.? | AF78: Material revestido?
B80: Material acessível? | Q80: Quantidade (m2)?
B82: CUSTOS (s/IVA):
B83: Trabalhos remoção: | Q83: Trabalhos substituição: | AF83: Trabalho complementar:
B85: IDENTIFICAÇÃO INTERVENÇÃO 2.
B87: Localização material c/ amianto: | Y87: Tipo material:
B89: Material friável? | Q89: Estado conservação mat.? | AF89: Material revestido?
B91: Material acessível? | Q91: Quantidade (m2)?
B93: CUSTOS (s/IVA):
B94: Trabalhos remoção: | Q94: Trabalhos substituição: | AF94: Trabalho complementar:
B96: IDENTIFICAÇÃO INTERVENÇÃO 3.
B98: Localização material c/ amianto: | Y98: Tipo material:
B100: Material friável? | Q100: Estado conservação mat.? | AF100: Material revestido?
B102: Material acessível? | Q102: Quantidade (m2)?
B104: CUSTOS (s/IVA):
B105: Trabalhos remoção: | Q105: Trabalhos substituição: | AF105: Trabalho complementar:
B107: IDENTIFICAÇÃO INTERVENÇÃO 4.
B109: Localização material c/ amianto: | Y109: Tipo material:
B111: Material friável? | Q111: Estado conservação mat.? | AF111: Material revestido?
B113: Material acessível? | Q113: Quantidade (m2)?
B115: CUSTOS (s/IVA):
B116: Trabalhos remoção: | Q116: Trabalhos substituição: | AF116: Trabalho complementar:
B118: IDENTIFICAÇÃO INTERVENÇÃO 5.
B120: Localização material c/ amianto: | Y120: Tipo material:
B122: Material friável? | Q122: Estado conservação mat.? | AF122: Material revestido?
B124: Material acessível? | Q124: Quantidade (m2)?
B126: CUSTOS (s/IVA):
B127: Trabalhos remoção: | Q127: Trabalhos substituição: | AF127: Trabalho complementar:
B129: Os custos apresentados são sem IVA
B132: PARÂMETROS DE APRECIAÇÃO (continuação)
B134: IDENTIFICAÇÃO INTERVENÇÃO 6.
B136: Localização material c/ amianto: | Y136: Tipo material:
B138: Material friável? | Q138: Estado conservação mat.? | AF138: Material revestido?
B140: Material acessível? | Q140: Quantidade (m2)?
B142: CUSTOS (s/IVA):
B143: Trabalhos remoção: | Q143: Trabalhos substituição: | AF143: Trabalho complementar:
B145: IDENTIFICAÇÃO INTERVENÇÃO 7.
B147: Localização material c/ amianto: | Y147: Tipo material:
B149: Material friável? | Q149: Estado conservação mat.? | AF149: Material revestido?
B151: Material acessível? | Q151: Quantidade (m2)?
B153: CUSTOS (s/IVA):
B154: Trabalhos remoção: | Q154: Trabalhos substituição: | AF154: Trabalho complementar:
B156: IDENTIFICAÇÃO INTERVENÇÃO 8.
B158: Localização material c/ amianto: | Y158: Tipo material:
B160: Material friável? | Q160: Estado conservação mat.? | AF160: Material revestido?
B162: Material acessível? | Q162: Quantidade (m2)?
B164: CUSTOS (s/IVA):
B165: Trabalhos remoção: | Q165: Trabalhos substituição: | AF165: Trabalho complementar:
B167: IDENTIFICAÇÃO INTERVENÇÃO 9.
B169: Localização material c/ amianto: | Y169: Tipo material:
B171: Material friável? | Q171: Estado conservação mat.? | AF171: Material revestido?
B173: Material acessível? | Q173: Quantidade (m2)?
B175: CUSTOS (s/IVA):
B176: Trabalhos remoção: | Q176: Trabalhos substituição: | AF176: Trabalho complementar:
B178: IDENTIFICAÇÃO INTERVENÇÃO 10.
B180: Localização material c/ amianto: | Y180: Tipo material:
B182: Material friável? | Q182: Estado conservação mat.? | AF182: Material revestido?
B184: Material acessível? | Q184: Quantidade (m2)?
...

Sheet suporte
A1: Aveiro | B1: RC - Reabilitação e Conservação | C1: Preencher anexo RC | D1: Ministério dos Negócios Estrangeiros | E1: Bom | F1: 0.5
A2: Beja | B2: PRA - Programa Remoção Amianto | C2: Preencher anexo PRA | D2: Ministério das Finanças | E2: Razoável | F2: 0.75
A3: Braga | B3: RC e PRA | C3: Preencher anexos RC e PRA | D3: Ministério da Economia e da Coesão Territorial | E3: Mau | F3: 0.8
A4: Bragança | D4: Ministério da Reforma do Estado
A5: Castelo Branco | B5: APRECIAÇÃO | D5: Ministério da Defesa Nacional | E5: Revestido | F5: Anexo RC
A6: Coimbra | B6: REAPRECIAÇÃO | C6: Sujeito a dedução | D6: Ministério das Infraestruturas e Habitação | E6: Não revestido | F6: Anexo PRA
A7: Évora | C7: Não sujeito a dedução | D7: Ministério da Justiça | F7: Anexos RC + PRA
A8: Faro | B8: Sim | D8: Ministério da Administração Interna | E8: Acessível | F8: 1.ª Solicitação
A9: Guarda | B9: Não | C9: Estudo prévio | D9: Ministério da Educação, Ciência e Inovação | E9: Inacessível | F9: 2.ª Solicitação
A10: Leiria | C10: Projeto execução | D10: Ministério da Saúde | F10: 3.ª Solicitação
A11: Lisboa | B11: Anexo RC | D11: Ministério do Trabalho, Solidariedade e Segurança Social | E11: Friável | F11: 4.ª Solicitação
A12: Portalegre | B12: Anexo PRA | C12: Estado | D12: Ministério do Ambiente e Energia | E12: Não friável | F12: 5.ª Solicitação
A13: Porto | B13: Anexos RC e PRA | C13: Instituto Público | D13: Ministério da Cultura, Juventude e Desporto | F13: 6.ª Solicitação
A14: Santarém | C14: Empresa do Sector Empresarial do Estado | D14: Ministério da Agricultura e Mar | F14: 7.ª Solicitação
A15: Setúbal | D15: Presidência do Conselho de Ministros | F15: 8.ª Solicitação
A16: Viana do Castelo | B16: Apresentado | C16: Urbano | E16: Pago | F16: 9.ª Solicitação
A17: Vila Real | B17: Não apresentado | C17: Rústico | E17: Não pago | F17: 10.ª Solicitação
A18: Viseu | B18: Não aplicável | C18: Misto | E18: Não aplicável | F18: 11.ª Solicitação
B19: - | F19: 12. ª Solicitação
A20: Estudo prévio | C20: Atualizados | F20: Total
A21: Projeto execução | C21: Não atualizados | D21: Parecer Cultura: | F21: Última
A22: Outro | B22: Qual: | F22: -
F23: Anterior
A24: 0 | B24: Obras urgentes ou prioritárias | C24: As intervenções visão colmatar patologias que afetam a solidez do imóvel | D24: As intervenções visão colmatar patologias de segurança do imóvel | E24: As intervenções visão colmatar patologias de salubridade do imóvel
A25: 0.06 | B25: Intervenções de conservação e reabilitação | C25: O imóvel não tem patologias que afetem a sua solidez | D25: O imóvel não tem patologias que afetam a sua segurança | E25: O imóvel não tem patologias que afetam a sua salubridade
A26: 0.23 | B26: Obras urgentes ou prioritárias, com intervenções de conservação e reabilitação | C26: O imóvel tem patologias de solidez que as intervenções propostas não visam resolver | D26: O imóvel tem patologias de segurança que as intervenções propostas não visam resolver | E26: O imóvel tem patologias de salubridade que as intervenções propostas não visam resolver
A28: 0.2 | B28: Urgente ou prioritária | C28: Obras urgentes ou prioritárias face à gravidade extrema das deficiências de solidez, segurança e salubridade do imóvel ou à sua especial localização.
A29: 0.14 | B29: Conservação e reabilitação | C29: Intervenções de conservação e reabilitação, nomeadamente ao nível da cobertura, dos vãos, das canalizações, das instalações elétricas ou eletromecânicas, bem como as destinadas a promover a eficiência energética dos imóveis.
A30: 0.2 | B30: Urgente ou prioritária, conservação e reabilitação | C30: Obras urgentes ou prioritárias face à gravidade extrema das deficiências de solidez, segurança e salubridade do imóvel ou à sua especial localização. Bem como, intervenções de conservação e reabilitação, nomeadamente ao nível da cobertura, dos vãos, das canalizações, das instalações elétricas ou eletromecânicas, bem como as destinadas a promover a eficiência energética dos imóveis.
A32: 0.04 | B32: Pouco relevante | C32: Intervenção que pese constituir-se lógica, designadamente vindo na sequência de outras anteriores, não se revela imprescindível concretizar no presente, por não beneficiar de forma sensível ou durável, a estrutura ou robustez do conjunto edificado ou de qualquer elemento construtivo tido por fundamental que o integre.
A33: 0.08 | B33: Relevante | C33: Intervenção que se impõe, face à ausência parcial ou total de solidez ou de segurança de um dado componente construtivo estrutural ou arquitetónico do edificado, do seu todo ou de parte que limita a sua utilização, podendo pôr em risco bens.
A34: 0.12 | B34: Muito relevante | C34: Intervenção que se impõe, face a uma situação de ruína próxima ou eminente, pondo em risco, direta ou indiretamente, funcionalidades instaladas, pessoas ou outras áreas do edificado em plena utilização.
C36: Intervenção associada a anomalia extraordinária nos sistemas instalados, associados ou não ao seu grau de vetustez ou que correspondendo a propostas iniciais ou de melhoria das condições de segurança, em qualquer das vertentes consideradas, não comportam benefícios duradouros tecnicamente ou mistos, compatíveis com as características e nível de utilização do edificado.
C37: Intervenções necessárias concretizar para a resolução de situações excecionais que não decorram da ausência de manutenção dos equipamentos ou edificados e que comportem situações de risco sobre bens e de funcionamento dos serviços instalados sem que no curto prazo, haja possibilidade da sua concretização.
C38: Intervenções que se impõem, perante riscos de segurança eminentes, face a situações observadas que manifestamente, afetando pessoas e bens, justificam a deslocação temporária dos serviços instalados.
C40: Intervenções que embora não dirigidas para a resolução de problemas de insalubridade, comportam soluções que beneficiam, no futuro, o comportamento do edificado, face a tais problemas.
C41: Intervenções que procuram eliminar fatores de insalubridade que afetam diretamente a funcionalidade dos serviços e as condições de desempenho do edificado.
C42: Intervenções que se impõem, face à perda de funcionalidade do edificado ou de suas partes relevantes, por razões de insalubridade manifesta, prevalecentes ou concorrenciais com outras causas.
C44: Edificado cuja presença na malha urbana da cidade ou local, não lhe configuram visibilidade ou importância relativa especial, face aos demais da envolvente.
C45: Edificado cujas características e presença na malha urbana, o tornam fundamental manter, quando comparado com os demais da envolvente.
C46: Edificado proeminente que pelas características e visibilidade, ressalta da malha urbana em que se insere, pautando-a, impondo o privilegiar do edificado no futuro, especialmente na sua função atual. Bem como imóveis classificados ou em processo de classificação ou quando inseridos em área de proteção.
A48: 0.1 | B48: Dentro da média | C48: O prazo apresentado para a executar da candidatura está dentro do tempo médio considerado para este tipo de trabalhos.
A49: 0.06 | B49: Não se enquadra na média | C49: O prazo apresentado para a executar da candidatura não se enquadra no tempo médio considerado para este tipo de trabalhos.
C50: O custo total apresentado para a executar da candidatura está dentro dos montantes considerados para este tipo de trabalhos.
C51: O custo total apresentado para a executar da candidatura não se enquadra nos montantes considerados para este tipo de trabalhos.
C53: As soluções não evidenciam claramente os objetivos a que se propõe, embora se possa encontrar alguma relação entre ambos. A durabilidade das soluções é limitada, face a alternativas, os sistemas de manutenção são pesados.
C54: Correspondem a projetos especialmente dirigidos para a resolução de problemas, que envolvem custos adequados, soluções duráveis e de manutenção esporádica.
C55: Tratam-se de projetos que introduzem soluções inovadoras, de eficácia superior às correntes, sem custos colaterais e compatíveis com o nível de profundidade da intervenção em questão. Apresentam durabilidade integrada, quer em termos das soluções quer em termos dos materiais, integradas num plano de manutenção claramente económico.

Sheet territorio
A1: 1 | B1: Aveiro | C1: Águeda | D1: Aguada de Cima
A2: 2 | B2: Aveiro | C2: Águeda | D2: Fermentelos
A3: 3 | B3: Aveiro | C3: Águeda | D3: Macinhata do Vouga
A4: 4 | B4: Aveiro | C4: Águeda | D4: Valongo do Vouga
A5: 5 | B5: Aveiro | C5: Águeda | D5: União das freguesias de Águeda e Borralha
A6: 6 | B6: Aveiro | C6: Águeda | D6: União das freguesias de Barrô e Aguada de Baixo
A7: 7 | B7: Aveiro | C7: Águeda | D7: União das freguesias de Belazaima do Chão, Castanheira do Vouga e Agadão
A8: 8 | B8: Aveiro | C8: Águeda | D8: União das freguesias de Recardães e Espinhel
A9: 9 | B9: Aveiro | C9: Águeda | D9: União das freguesias de Travassô e Óis da Ribeira
A10: 10 | B10: Aveiro | C10: Águeda | D10: União das freguesias de Trofa, Segadães e Lamas do Vouga
A11: 11 | B11: Aveiro | C11: Águeda | D11: União das freguesias do Préstimo e Macieira de Alcoba
A12: 12 | B12: Aveiro | C12: Albergaria_a_Velha | D12: Alquerubim
... A3092: 3092 | B3092: Ilha do Corvo | C3092: Corvo | D3092: Corvo
